 Dungeon Crawl Stone Soup version 0.31.0-12-g77e489cdc1 (webtiles) character file.

Game seed: 9956012897973681550

87063 PaiMei the Lord of Darkness (level 15, -5/115 HPs)
             Began as a Demonspawn Necromancer on Mar 5, 2024.
             Was the Champion of Kikubaaqudgha.
             Slain by a very large slime creature (36 damage)
             ... on level 15 of the Dungeon.
             The game lasted 01:04:12 (36978 turns).

PaiMei the Lord of Darkness (DsNe)                 Turns: 36978, Time: 01:04:12

Health: -5/115     AC: 17    Str: 11    XL:     15   Next: 42%
Magic:  31/31      EV: 18    Int: 24    God:    Kikubaaqudgha [******]
Gold:   1500       SH:  0    Dex: 15    Spells: 11/38 levels left

rFire   + . .        D - +9 spear "Xaang" {elec, rF+ rN+ Int+2}
rCold   + . .        (no shield)
rNeg    + . .        P - +2 robe {Will+}
rPois   .            G - +1 helmet
rElec   .            z - +0 cloak
rCorr   +            (gloves unavailable)
SInv    .            r - +1 pair of boots of Card Tricks {rC+ Str+3 Slay+3 Stlth+}
Will    ++...        Y - amulet of magic regeneration
Stlth   +++          m - +4 ring of protection
HPRegen 0.39/turn    Z - ring "Buzoipsel" {rCorr Slay+4}
MPRegen 0.62/turn

%: no passive effects
@: mighty
A: claws 3, slimy green scales 2, ignite blood 1, powered by pain 3, corrupting
presence 1
a: Renounce Religion, Unearth Wretches, Torment, Brand Weapon With Pain, Receive
Forbidden Knowledge


You were on level 15 of the Dungeon.
You worshipped Kikubaaqudgha.
Kikubaaqudgha was exalted by your worship.
You visited 3 branches of the dungeon, and saw 21 of its levels.
You also visited: Sewer and Ice Cave.

You collected 1500 gold pieces.

Inventory:

Hand Weapons
 D - the +9 spear "Xaang" (weapon) {elec, rF+ rN+ Int+2}
   (You found it on level 3 of the Dungeon)

   Int+2:     It affects your intelligence (+2).
   rF+:       It protects you from fire.
   rN+:       It protects you from negative energy.
 T - the +9 hand axe "Tetzevod" {pain, Str+4}
   (You found it on level 10 of the Dungeon)

   Str+4:     It affects your strength (+4).
Missiles
 i - 11 curare-tipped darts (quivered)
 p - 6 atropa-tipped darts
 w - 3 throwing nets
 U - 14 javelins
Armour
 r - the +1 pair of boots of Card Tricks (worn) {rC+ Str+3 Slay+3 Stlth+}
   (You found it on level 3 of the Dungeon)

   Str+3:     It affects your strength (+3).
   Slay+3:    It affects your accuracy & damage with ranged weapons and melee
   (+3).
   rC+:       It protects you from cold.
   Stlth+:    It makes you more stealthy.
 z - a +0 cloak (worn)
 G - a +1 helmet (worn)
 O - the +1 helmet of Laquen {rPois rC- rN+++ Dex-4}
   (You found it on level 7 of the Dungeon)

   Dex-4:     It affects your dexterity (-4).
   rC-:       It makes you vulnerable to cold.
   rPois:     It protects you from poison rN+++: It renders you almost immune to
   negative energy.
 P - a +2 robe of willpower (worn)
 S - a scarf of resistance
Jewellery
 f - a ring of magical power
 k - an amulet of regeneration
 m - a +4 ring of protection (left claw)
 o - a ring of flight
 C - an amulet of guardian spirit
 Y - an amulet of magic regeneration (around neck)
 Z - the ring "Buzoipsel" (right claw) {rCorr Slay+4}
   (You found it on level 5 of the Lair of Beasts)

   [ring of resist corrosion]

   Slay+4:    It affects your accuracy & damage with ranged weapons and melee
   (+4).
   rCorr:     It protects you from acid and corrosion.
Wands
 a - a wand of polymorph (15)
 s - a wand of light (19)
 K - a wand of charming (39)
 N - a wand of roots (31)
 W - a wand of flame (5)
 X - a wand of digging (12)
Scrolls
 d - 3 scrolls of brand weapon
 e - 7 scrolls of revelation
 l - 6 scrolls of blinking
 q - 10 scrolls of teleportation
 u - 4 scrolls of fear {unknown}
 v - 3 scrolls of poison {unknown}
 x - a scroll of torment {unknown}
 y - 4 scrolls of fog {unknown}
 A - 7 scrolls of vulnerability {unknown}
 E - 2 scrolls of enchant armour {unknown}
 F - 8 scrolls of amnesia {unknown}
 H - 5 scrolls of enchant weapon {unknown}
 J - 3 scrolls of acquirement {unknown}
 M - a scroll of silence {unknown}
 Q - 7 scrolls of immolation {unknown}
Potions
 b - 3 potions of magic
 c - 4 potions of attraction
 g - 2 potions of might {unknown}
 h - 6 potions of curing
 j - 5 potions of enlightenment
 n - 2 potions of berserk rage {unknown}
 t - 2 potions of heal wounds {unknown}
 B - a potion of lignification {unknown}
 I - 2 potions of brilliance {unknown}
 L - a potion of cancellation {unknown}
 R - 4 potions of haste {unknown}
 V - 2 potions of degeneration {unknown}


   Skills:
 - Level 10.0 Fighting
 + Level 9.7 Polearms
 + Level 5.8 Armour
 - Level 12.1 Dodging
 - Level 2.5 Stealth
 - Level 12.3 Spellcasting
 - Level 15.0 Necromancy
 + Level 5.7 Evocations


You had 11 spell levels left.
You knew the following spells:

 Your Spells              Type           Power      Damage    Failure   Level
a - Necrotise             Necr           100%       1d9       0%          1
b - Vampiric Draining     Necr           72%        2d11      1%          3
c - Animate Dead          Necr           72%        N/A       1%          4
d - Curse of Agony        Necr           72%        N/A       1%          5
e - Borgnjor's Vile Clut  Necr/Erth      25%        N/A       5%          5
f - Death Channel         Necr           36%        N/A       1%          6
g - Fugue of the Fallen   Necr           72%        N/A       1%          3

Your spell library contained the following spells:

 Spells                   Type           Power      Damage    Failure   Level
 Kiss of Death            Conj/Necr      100%       2d13      1%          1
 Cigotuvi's Dreadful Rot  Necr/Alch/Air  76%        N/A       1%          2
 Martyr's Knell           Necr/Summ      50%        N/A       1%          4
 Apportation              Tloc           28%        N/A       4%          1
 Foxfire                  Conj/Fire      56%        2x1d6     4%          1
 Freeze                   Ice            56%        1d7       4%          1
 Shock                    Conj/Air       56%        1d6       4%          1
 Summon Small Mammal      Summ           56%        N/A       4%          1
 Jinxbite                 Hex            28%        N/A       6%          2
 Call Canine Familiar     Summ           14%        N/A       12%         3
 Frozen Ramparts          Ice            28%        1d5       12%         3
 Hailstorm                Conj/Ice       14%        3d6       12%         3
 Swiftness                Air            14%        N/A       12%         3
 Volatile Blastmotes      Fire/Tloc      28%        2d12      12%         3
 Airstrike                Air            7%         2d(1-17)  38%         4
 Ignite Poison            Fire/Alch      14%        N/A       38%         4
 Sticky Flame             Fire/Alch      14%        2d5       38%         4
 Summon Blazeheart Golem  Fire/Summ      14%        N/A       38%         4
 Vhi's Electric Charge    Tloc/Air       28%        N/A       38%         4
 Alistair's Intoxication  Alch           9%         N/A       75%         5
 Arcjolt                  Conj/Air       7%         1d17      75%         5
 Freezing Cloud           Conj/Ice/Air   7%         6-21      75%         5
 Summon Forest            Summ/Tloc      7%         N/A       75%         5
 Summon Mana Viper        Hex/Summ       14%        N/A       75%         5
 Plasma Beam              Fire/Air       7%         2x1d17    99%         6
 Starburst                Conj/Fire      7%         6d4       99%         6
 Summon Cactus Giant      Summ           7%         N/A       99%         6
 Ignition                 Fire           7%         3d4       100%        8
 Maxwell's Capacitive Co  Air            7%         ∞         100%        8


Dungeon Overview and Level Annotations

Branches:
Dungeon (15/15)            Temple (0/1) D:6            Lair (5/5) D:9
 Shoals (0/4) Lair:3       Spider (0/4) Lair:3        Slime (0/5) Lair:4
    Orc (1/2) D:10         Vaults (0/5) D:14         Depths (0/4) D:15
  Sewer (visited)           IceCv (visited)

Altars:
Kikubaaqudgha
Nemelex Xobeh
Ru
Trog
Uskayaw
Xom
Jiyva

Shops:
D:14 :   D:15 :

Portals:
Trove: D:10 (give +5 ice dragon scales)

Annotations:
D:2 Sigmund
D:8 Psyche
Lair:5 2 runed translucent doors
Orc:1 Maurice


Innate Abilities, Weirdness & Mutations

You have claws for hands.
You are mostly covered in slimy green scales. (AC +3)
Your demonic aura sometimes causes spilled blood to erupt in flames.
You are powered by pain.
Your presence sometimes corrodes those you injure.


Message History

You puncture the large slime creature!
The large slime creature is heavily wounded.
You hit the large slime creature.
Lightning courses through the large slime creature!
The large slime creature is severely wounded.
The large slime creature hits you!!
You focus on the pain.
You feel very mighty all of a sudden.
You impale the large slime creature!!
The large slime creature is almost dead.
You puncture the large slime creature!
The large slime creature is almost dead.
The large slime creature hits you!!
You focus on the pain.
You feel mightier all of a sudden.
You puncture the large slime creature!
You kill the large slime creature!
Kikubaaqudgha accepts your kill.
You puncture the slime creature!
Lightning courses through the slime creature!!
The slime creature is heavily wounded.
You barely miss the slime creature.
The slime creature is heavily wounded.
The slime creature closely misses you.
Two slime creatures merge to form a large slime creature.
You completely miss the large slime creature.
The large slime creature is moderately wounded.
You impale the large slime creature!!
The large slime creature is moderately wounded.
You impale the large slime creature!!
Your corrupting presence corrodes the large slime creature!
The large slime creature is heavily wounded.
The large slime creature hits you!
* * * LOW HITPOINT WARNING * * *
Two slime creatures merge to form a very large slime creature.
You puncture the very large slime creature!
The very large slime creature is heavily wounded.
There is an open door here.
The very large slime creature attacks as it pursues you!
The very large slime creature hits you!!!
You die...
Kikubaaqudgha rasps: "You have failed me!
Welcome... death!"

..#.#.# #.#.#.# #.
#.#.#.# ###. ###.#.#.#
.... ...#.#.#
####.#####.#.#.######
................÷(..#
...........#.#.#)##.#
#..#.........#.#@##.#
#..#.........###J####
#..#..####.###...(.###
#.........##.........#
#..#..#####....[.!....#
...#..#####...#####...#
...#.....#.............#
...##....#.....$.!.....#
...###...#!............#


You could see a very large slime creature (corroded).

Vanquished Creatures
  Azrael (D:14)
  7 hydras
  A catoblepas (D:15)
  An ogre mage (D:14)
  3 centaur warriors
  4 two-headed ogres
  5 boulder beetles
  A death yak (Lair:4)
  Urug (Lair:2)
  2 tengu warriors (D:15)
  5 skeletal warriors
  2 skysharks
  A flayed ghost (D:15)
  3 lindwurms
  2 orc knights
  2 harpies (Lair:3)
  2 deep elf pyromancers
  A necromancer (IceCv)
  A salamander (shapeshifter) (D:9)
  2 manticores
  4 cyclopes
  8 ugly things
  9 elephants
  3 meliai (D:14)
  8 black mambas
  Joseph (D:8)
  An ice statue (IceCv)
  A molten gargoyle (Lair:5)
  A gargoyle (D:12)
  A torpor snail (Lair:4)
  6 cane toads
  An unseen horror (D:10)
  A rime drake (D:9)
  4 freezing wraiths (IceCv)
  11 komodo dragons
  10 ice devils (IceCv)
  3 yaktaurs (D:14)
  3 kobold demonologists
  A polar bear (Lair:4)
  5 anaconda simulacra (IceCv)
  5 trolls
  A raiju (shapeshifter) (D:13)
  A hornet (shapeshifter) (D:15)
  A wind drake (shapeshifter) (D:15)
  A glass eye (shapeshifter) (D:15)
  Grinder (D:4)
  3 dream sheep (Lair:4)
  7 blink frogs
  2 dire elephant simulacra (IceCv)
  A spriggan (shapeshifter) (D:13)
  8 slime creatures
  4 wraiths
  29 yaks
  3 fire elementals
  4 wyverns
  A warg (Orc:1)
  Grum (D:8)
  2 basilisks
  A steam dragon (Lair:5)
  5 death yak simulacra (IceCv)
  15 vampire mosquitoes
  2 hydra simulacra (IceCv)
  2 hell hounds (D:14)
  2 acid dragons
  12 water moccasins
  A cane toad zombie (Lair:5)
  11 orc warriors
  2 sky beasts
  6 ice beasts (D:9)
  2 black bears
  2 laughing skulls (D:14)
  8 ogres
  4 boggarts (D:14)
  3 centaurs
  6 wolves
  5 kobold brigands
  A komodo dragon zombie (Lair:1)
  5 bullfrogs
  2 brain worms (Sewer)
  A cane toad simulacrum (IceCv)
  4 scorpions
  A two-headed ogre simulacrum (IceCv)
  2 burial acolytes (D:6)
  5 wights
  A yak zombie (Lair:4)
  An elephant simulacrum (IceCv)
  11 killer bees
  7 howler monkeys
  An electric eel (Lair:4)
  2 lava snakes (Lair:5)
  5 jellies
  Crazy Yiuf (D:3)
  2 bombardier beetles
  18 orc priests
  A bullfrog skeleton (D:6)
  A gnoll bouda (D:7)
  3 hounds
  A human zombie (D:6)
  5 centaur skeletons
  2 iguanas
  4 sleepcaps
  Terence (D:3)
  Natasha (thrice) (D:3)
  16 orc wizards
  6 polar bear simulacra (IceCv)
  A spriggan simulacrum (IceCv)
  7 wolf simulacra (IceCv)
  4 killer bee zombies (D:6)
  A kobold zombie (D:11)
  Robin (D:3)
  2 gnolls (D:11)
  A howler monkey zombie (D:6)
  15 adders
  A naga simulacrum (IceCv)
  5 river rats
  6 shadow imps
  8 white imps
  4 ufetubi
  A ribbon worm (Lair:3)
  61 orcs
  9 endoplasms
  3 giant cockroaches
  8 hobgoblins
  6 jackals
  A quokka (D:6)
  4 ball pythons
  4 bats
  3 frilled lizards
  14 goblins
  15 kobolds
  8 rats
599 creatures vanquished.

Vanquished Creatures (collateral kills)
  A stone giant (D:15)
  A hydra (Lair:4)
  Sonja (D:11)
  A cyclops (D:15)
  A manticore (D:15)
  5 elephants
  2 molten gargoyles (Lair:5)
  4 cane toads
  2 rime drakes
  4 komodo dragons
  An efreet (D:15)
  A blink frog (Lair:1)
  A dream sheep (Lair:4)
  A wyvern (Lair:4)
  10 yaks
  2 steam dragons (Lair:5)
  A basilisk (Lair:5)
  3 water moccasins
  3 hell hounds (Lair:5)
  A wolf (Lair:1)
  2 bullfrogs (Lair:3)
  2 scorpions (Lair:3)
  An electric eel (Lair:4)
  3 lava snakes (Lair:5)
  3 jellies (Lair:4)
  A dart slug (D:2)
  A goblin (D:3)
59 creatures vanquished.

Vanquished Creatures (others)
  2 yaktaurs (D:14)
  3 hydra zombies
  2 black mamba zombies (Lair:5)
  2 skyshark zombies
  2 cane toad zombies
  A two-headed ogre zombie (D:14)
  4 elephant zombies (Lair:5)
  2 komodo dragon zombies
  A raiju zombie (D:13)
  2 yak zombies (Lair:4)
  3 wolf zombies (Lair:1)
  A basilisk zombie (Lair:5)
  A kobold zombie (D:11)
  2 ogre zombies (D:14)
  A lava snake zombie (Lair:5)
29 creatures vanquished.

Grand Total: 687 creatures vanquished

Notes
Turn   | Place    | Note
-------+----------+-------------------------------------------
     0 | D:1      | PaiMei the Demonspawn Necromancer began the quest for the
                  | Orb.
     0 | D:1      | Reached XP level 1. HP: 13/13 MP: 3/3
    89 | D:1      | Found a faded altar of an unknown god.
   507 | D:1      | Gained mutation: You sometimes gain a little power by
                  | taking damage. [demonic ancestry]
   507 | D:1      | Reached XP level 2. HP: 19/19 MP: 3/5
  1459 | D:2      | Reached XP level 3. HP: 24/24 MP: 1/6
  1958 | D:2      | Noticed Sigmund
  2248 | D:2      | Learned a level 3 spell: Vampiric Draining
  2298 | D:3      | Identified the +1 pair of boots of Card Tricks {rC+ Str+3
                  | Slay+3 Stlth+}
  2343 | D:3      | Noticed Natasha
  2494 | D:3      | Killed Natasha
  2495 | D:3      | Gained mutation: You have sharp fingernails. [demonic
                  | ancestry]
  2495 | D:3      | Reached XP level 4. HP: 31/31 MP: 3/7
  2501 | D:3      | Reached skill level 5 in Necromancy
  2596 | D:3      | Noticed Robin
  2607 | D:3      | Killed Robin
  2608 | D:3      | Reached skill level 1 in Fighting
  3225 | D:3      | Reached XP level 5. HP: 37/37 MP: 3/9
  3367 | D:3      | Noticed Natasha
  3371 | D:3      | Killed Natasha
  3474 | D:3      | Noticed Natasha
  3494 | D:3      | Killed Natasha
  3696 | D:3      | Gained mutation: You sometimes gain power by taking damage.
                  | [demonic ancestry]
  3696 | D:3      | Reached XP level 6. HP: 12/44 MP: 0/10
  3870 | D:3      | Noticed Terence
  3881 | D:3      | Killed Terence
  4269 | D:3      | Identified the +9 spear "Xaang" {elec, rF+ rN+ Int+2}
  4478 | D:3      | Found a runed translucent door.
  4479 | D:3      | Noticed Crazy Yiuf
  4532 | D:3      | Killed Crazy Yiuf
  4642 | D:3      | Learned a level 4 spell: Animate Dead
  4919 | D:4      | Noticed Grinder
  4934 | D:4      | Killed Grinder
  4935 | D:4      | Reached skill level 6 in Necromancy
  4935 | D:4      | Gained mutation: You are partially covered in slimy green
                  | scales. (AC +2) [demonic ancestry]
  4935 | D:4      | Reached XP level 7. HP: 34/52 MP: 8/13
  5729 | D:5      | Entered Level 5 of the Dungeon
  6271 | D:5      | Gained mutation: You have very sharp fingernails. [demonic
                  | ancestry]
  6271 | D:5      | Reached XP level 8. HP: 60/60 MP: 6/14
  6627 | D:5      | Found a hide-covered altar of Uskayaw.
  6630 | D:5      | Noticed a +0 hand axe
  6630 | D:5      | Noticed a +0 dagger
  6652 | D:5      | Reached skill level 7 in Necromancy
  6655 | D:5      | Reached skill level 5 in Dodging
  6979 | D:6      | Reached skill level 5 in Spellcasting
  7079 | D:6      | Found a glowing drain.
  7083 | Sewer    | Entered a sewer
  7189 | Sewer    | Reached skill level 5 in Fighting
  8043 | D:6      | Gained mutation: Your demonic aura sometimes causes spilled
                  | blood to erupt in flames. [demonic ancestry]
  8043 | D:6      | Reached XP level 9. HP: 68/68 MP: 9/17
  8474 | D:6      | Reached skill level 8 in Necromancy
  8873 | D:6      | Found an ancient bone altar of Kikubaaqudgha.
  8883 | D:6      | Became a worshipper of Kikubaaqudgha
  9048 | D:6      | Found a staircase to the Ecumenical Temple.
  9431 | D:7      | Identified the +1 helmet of Laquen {rPois rC- rN+++ Dex-4}
  9574 | D:7      | Noticed a two-headed ogre
  9622 | D:7      | Killed a two-headed ogre
  9633 | D:7      | Reached * piety under Kikubaaqudgha
  9633 | D:7      | Received a gift from Kikubaaqudgha
  9637 | D:7      | Reached skill level 9 in Necromancy
  9821 | D:7      | Found a bloodstained altar of Trog.
 10075 | D:7      | Gained mutation: You are mostly covered in slimy green
                  | scales. (AC +3) [demonic ancestry]
 10075 | D:7      | Reached XP level 10. HP: 77/77 MP: 11/20
 10613 | D:7      | Learned a level 5 spell: Curse of Agony
 10663 | D:8      | Noticed Joseph
 10671 | D:8      | Killed Joseph
 11023 | D:8      | Noticed Grum
 11037 | D:8      | Killed Grum
 11202 | D:8      | Noticed Psyche
 11356 | D:8      | Reached ** piety under Kikubaaqudgha
 11727 | D:9      | Noticed a salamander
 12174 | D:9      | Found a staircase to the Lair.
 12193 | D:9      | Reached skill level 10 in Necromancy
 12384 | D:9      | Killed a salamander
 12581 | D:9      | Found a sacrificial altar of Ru.
 12622 | D:9      | Found a sparkling altar of Nemelex Xobeh.
 13164 | D:10     | Entered Level 10 of the Dungeon
 13216 | D:10     | Identified the +9 hand axe "Tetzevod" {pain, Str+4}
 13337 | D:10     | Found a staircase to the Orcish Mines.
 13386 | D:10     | Gained mutation: Your presence sometimes corrodes those you
                  | injure. [demonic ancestry]
 13386 | D:10     | Reached XP level 11. HP: 86/86 MP: 11/23
 13771 | D:10     | Found a portal to a secret trove of treasure.
 13798 | D:10     | Reached *** piety under Kikubaaqudgha
 13798 | D:10     | Received a gift from Kikubaaqudgha
 13805 | D:10     | Learned a level 5 spell: Borgnjor's Vile Clutch
 14375 | Lair:1   | Entered Level 1 of the Lair of Beasts
 15018 | Lair:1   | Reached skill level 11 in Necromancy
 16320 | Lair:2   | Noticed Urug
 16335 | Lair:2   | Noticed a seven-headed hydra
 16364 | Lair:2   | Reached **** piety under Kikubaaqudgha
 16514 | Lair:2   | Identified the storm talisman "Behuelam" {rCorr}
 16552 | Lair:2   | Gained mutation: You have claws for hands. [demonic
                  | ancestry]
 16552 | Lair:2   | Reached XP level 12. HP: 97/97 MP: 11/25
 16762 | Lair:2   | Killed a seven-headed hydra
 16957 | Lair:2   | Killed Urug
 17492 | Lair:3   | Reached skill level 10 in Fighting
 17672 | Lair:3   | Reached skill level 12 in Necromancy
 17755 | Lair:3   | Reached skill level 1 in Polearms
 17917 | Lair:3   | Noticed a boulder beetle
 17921 | Lair:3   | Found a hole to the Spider Nest.
 17927 | Lair:3   | Killed a boulder beetle
 18174 | Lair:3   | Noticed a four-headed hydra
 18184 | Lair:3   | Killed a four-headed hydra
 18185 | Lair:3   | Reached skill level 10 in Spellcasting
 18325 | Lair:3   | Found a staircase to the Shoals.
 18346 | Lair:3   | Reached skill level 10 in Dodging
 19361 | Lair:4   | Noticed a death yak
 19561 | Lair:4   | Noticed an eight-headed hydra
 19843 | Lair:4   | Killed a death yak
 19848 | Lair:4   | Reached XP level 13. HP: 103/103 MP: 15/27
 19943 | Lair:4   | Reached skill level 13 in Necromancy
 19998 | Lair:4   | Found a staircase to the Slime Pits.
 20006 | Lair:4   | Found a viscous altar of Jiyva.
 20787 | Lair:5   | Entered Level 5 of the Lair of Beasts
 21087 | Lair:5   | Reached skill level 5 in Polearms
 21574 | Lair:5   | Reached ***** piety under Kikubaaqudgha
 21848 | Lair:5   | Identified the ring "Buzoipsel" {rCorr Slay+4}
 22563 | Lair:5   | Reached skill level 14 in Necromancy
 22751 | Lair:5   | Found a large runed translucent door.
 22752 | Lair:5   | Found a large runed translucent door.
 23669 | Orc:1    | Entered Level 1 of the Orcish Mines
 23900 | Orc:1    | Noticed Maurice
 24070 | D:11     | Gained mutation: You are powered by pain. [demonic
                  | ancestry]
 24070 | D:11     | Reached XP level 14. HP: 110/110 MP: 20/29
 24254 | D:11     | Noticed Sonja
 24393 | D:11     | Found a frozen archway.
 24405 | IceCv    | Entered an ice cave
 25532 | IceCv    | Found an ancient bone altar of Kikubaaqudgha.
 28502 | D:11     | Killed Sonja
 28645 | D:11     | Learned a level 6 spell: Death Channel
 28649 | D:11     | Learned a level 3 spell: Fugue of the Fallen
 28973 | D:12     | Reached ****** piety under Kikubaaqudgha
 29247 | D:12     | Reached skill level 1 in Armour
 30854 | D:13     | Reached skill level 15 in Necromancy
 31243 | D:13     | Reached skill level 1 in Evocations
 33522 | D:14     | Found Kioqol's Book Emporium.
 33528 | D:14     | Got the Almanac of Kindled Evil Liturgies
 33798 | D:14     | Noticed Azrael
 33800 | D:14     | Reached XP level 15. HP: 82/115 MP: 26/31
 33984 | D:14     | Found a shimmering altar of Xom.
 33984 | D:14     | Found a shimmering altar of Xom.
 33985 | D:14     | Found a shimmering altar of Xom.
 33986 | D:14     | Found a shimmering altar of Xom.
 33986 | D:14     | Found a shimmering altar of Xom.
 33986 | D:14     | Found a shimmering altar of Xom.
 34939 | D:14     | Found a gate to the Vaults.
 34975 | D:14     | Killed Azrael
 35161 | D:15     | Entered Level 15 of the Dungeon
 35161 | D:15     | Found Lischauth's Book Shoppe.
 35518 | D:15     | Reached skill level 5 in Armour
 35839 | D:15     | Reached skill level 5 in Evocations
 36311 | D:15     | Found a staircase to the Depths.
 36978 | D:15     | Slain by a very large slime creature

Illustrated notes

Levels and vault maps discovered:
D:1:      mrwooster_arrival_arrow, layout_basic,
          hellmonk_ecumenical_altar_slurped_away, minmay_misc_feat_iff,
          minmay_misc_feat_square, solitary_fountain, minmay_3d_cube
D:2:      layout_basic, chequers_serial_rivers_micro_e, uniq_sigmund
D:3:      layout_loops_ring, st_stairs_1, small_statue_alley_b, uniq_robin,
          uniq_crazy_yiuf_cottage, uniq_terence, uniq_natasha
D:4:      layout_loops_corners, uniq_grinder
D:5:      layout_loops_cross, dancing_weapons_uskayaw
D:6:      layout_loops_ring, lemuel_mausoleum_altar_kikubaaqudgha,
          minmay_temple_entry_enclosed_plants, gup_sewer_entry_bowl,
          minmay_misc_feat_ornament
D:7:      layout_basic, chequers_decorated_corner, minmay_ruined_shrine
D:8:      layout_rooms, nicolae_hexahallways, uniq_psyche, uniq_grum,
          uniq_joseph
D:9:      layout_loops_ring, lemuel_tele_altar, nicolae_ru_the_path_less_chosen,
          hellmonk_lair_entry_icy
D:10:     layout_long_grid, orc_0_dummy, enter_trove_6
D:11:     layout_irregular_city, portal_ice_cave_entry_pillars_2, uniq_sonja
D:12:     layout_gridville
D:13:     layout_irregular_city
D:14:     layout_cave_pools, hangedman_vaults_entry_quadrant_bands,
          xom_shifter_show, serial_shops,
          nicolae_shop_competitors_out_of_business, uniq_azrael
D:15:     grunt_enter_depths_snipers, layout_basic, serial_shops, shop,
          nicolae_tso_swordbearing_angel, grunt_potential
Lair:1:   layout_chaotic_city, minmay_stone_trees_large
Lair:2:   layout_roguey, minmay_holes, cheibrodos_lair_reptile_den, uniq_urug
Lair:3:   layout_misc_corridors, nicolae_shoals_entry_roost,
          nicolae_spider_entry_non_spiders
Lair:4:   layout_small_grid, nicolae_slime_entry_field_trip,
          infiniplex_staircase_pool, serial_bayou_shore_a
Lair:5:   cheibrodos_lair_end_hotspot, layout_cave_shapes
Orc:1:    layout_diamond_mine, serial_shops, nicolae_orc_lava_room,
          uniq_maurice, uniq_snorg

Skill      XL: |  1  2  3  4  5  6  7  8  9 10 11 12 13 14 15 |
---------------+----------------------------------------------+-----
Stealth        | 2 |  2.5
Dodging        | 2 3 4 5 6 8 9 10 11 12 | 12.1
Necromancy     | 5 6 7 9 10 11 12 14 15 | 15.0
Fighting       | 1 2 3 4 5 6 8 9 10 | 10.0
Spellcasting   | 3 4 5 6 8 9 10 11 12 | 12.3
Polearms       | 4 6 8 9 |  9.7
Armour         | 4 5 |  5.8
Evocations     | 3 5 |  5.7

Action                     |  1- 3 |  4- 6 |  7- 9 | 10-12 | 13-15 || total
---------------------------+-------+-------+-------+-------+-------++-------
  Melee: Unarmed           |     4 |       |       |       |       ||     4
         Quarterstaff      |     9 |       |       |       |       ||     9
         Dagger            |     5 |    24 |       |       |       ||    29
         Spear             |       |     7 |   165 |   278 |   691 ||  1141
         Short sword       |       |     3 |       |       |       ||     3
         Punch             |       |       |     3 |     2 |    13 ||    18
         Hand axe          |       |       |       |       |    26 ||    26
   Cast: Necrotise         |    70 |    87 |    84 |   122 |    78 ||   441
         Vampiric Draining |       |     3 |    67 |   200 |   189 ||   459
         Animate Dead      |       |       |       |     9 |    10 ||    19
         Curse of Agony    |       |       |       |     4 |     5 ||     9
         Borgnjor's Vile C |       |       |       |       |    67 ||    67
         Fugue of the Fall |       |       |       |       |     1 ||     1
  Evoke: Wand              |       |       |       |       |     9 ||     9
    Use: Scroll            |       |       |       |     7 |     3 ||    10
         Potion            |       |       |       |       |     1 ||     1
   Stab: Sleeping          |       |       |     6 |     4 |     3 ||    13
         Distracted        |       |       |       |       |     3 ||     3
 Armour: Robe              |    16 |    45 |   130 |   415 |   633 ||  1239
  Dodge: Dodged            |    26 |    38 |   194 |   543 |   844 ||  1645
